 Dungeon Crawl Stone Soup version 0.31.0-11-ge490571c62 (webtiles) character file.

Game seed: 1989301960507562964

329 qw the Ducker (level 6, 0/30 HPs)
             Began as a Spriggan Hunter on Feb 4, 2024.
             Slain by Pikel
             ... wielding a +1 whip of electrocution
              (4 damage)
             ... on level 4 of the Dungeon.
             The game lasted 00:00:11 (2307 turns).

qw the Ducker (Spriggan Hunter)                     Turns: 2307, Time: 00:00:11

Health: 0/30       AC:  3    Str:  7    XL:     6   Next: 25%
Magic:  7/7        EV: 22    Int: 10    God:
Gold:   117        SH:  0    Dex: 21    Spells: 5/5 levels left

rFire   . . .        a - +0 shortbow
rCold   . . .        (shield currently unavailable)
rNeg    . . .        c - +0 robe
rPois   .            (helmet restricted)
rElec   .            d - +0 cloak
rCorr   .            (gloves unavailable)
SInv    +            (boots unavailable)
Will    +....        (no amulet)
Stlth   ++           (no ring)
HPRegen 0.25/turn    (no ring)
MPRegen 0.10/turn

%: no passive effects
@: hasted, very quick
A: very small, no large weapons, unfitting armour, see invisible, speed 3
a: no special abilities


You were on level 4 of the Dungeon.
You visited 1 branch of the dungeon, and saw 4 of its levels.

You collected 117 gold pieces.


Innate Abilities, Weirdness & Mutations

You are very small and have problems with some larger weapons.
You are too small for most types of armour.
You have supernaturally acute eyesight. (SInv)
You cover ground extremely quickly. (Speed+++)


   Skills:
 - Level 2.0 Fighting
 + Level 5.4 Ranged Weapons
 - Level 7.1 Dodging
 - Level 1.5 Stealth


You had 5 spell levels left.
You didn't know any spells.
Your spell library was empty.

Inventory:

Hand Weapons
 a - a +0 shortbow (weapon)
Armour
 c - a +0 robe (worn)
 d - a +0 cloak (worn)
Wands
 b - a wand of polymorph (9)
Potions
 h - a potion of enlightenment {unknown}
 i - a potion of brilliance {unknown}

Dungeon Overview and Level Annotations

Branches:
Dungeon (4/15)
 Temple: D:4-7

Altars:
Uskayaw

Shops:
D:1 [

Annotations:
D:4 Pikel


Message History

There are monsters nearby!
Waypoint 3 assigned to D:4.
2296 ||| RETREEEEATING.
You shoot an arrow. The arrow hits the lemure.
The lemure is lightly wounded.
You shoot an arrow. The arrow hits the lemure.
The lemure is lightly wounded.
You hear a shout!
The lemure hits you. The lemure completely misses you.
The lemure barely misses you.
You hear a shout!
2299 ||| RETREEEEATING.
You shoot an arrow. The arrow hits the lemure.
The lemure is lightly wounded.
The lemure misses you.
You shoot an arrow. The arrow hits the lemure.
The lemure is moderately wounded.
The lemure completely misses you. The lemure hits you!
You shoot an arrow. The arrow hits the lemure.
The lemure is heavily wounded.
The lemure barely misses you.
A lemure comes into view.
The lemure misses you.
2303 ||| DRINKING potion of haste.
You feel yourself speed up.
Pikel hits you with a +1 whip of electrocution.
The lemure hits you!
You shoot an arrow. The arrow hits the lemure!
The lemure is heavily wounded.
You shoot an arrow.
The arrow hits the lemure but does no damage.
The lemure is heavily wounded.
The lemure closely misses you.
Pikel hits you with a +1 whip of electrocution.
You shoot an arrow. The arrow hits the lemure.
The lemure is severely wounded.
The lemure completely misses you. Pikel barely misses you.
You shoot an arrow. The arrow hits the lemure.
The lemure is severely wounded.
Pikel hits you with a +1 whip of electrocution.
You die...
Pikel says, "Another soul for the market."

.# ..
.# .#
.# .#
####.#
#@K5.#
#5#..#
#55.##
##.##
#.#
..#
###


You could see Pikel and 4 lemures.

Vanquished Creatures
  Sigmund (D:3)
  Terence (D:2)
  Natasha (twice) (D:3)
  3 adders (D:3)
  A ribbon worm (D:2)
  2 dart slugs (D:3)
  An orc (D:3)
  6 bats
  6 endoplasms
  4 giant cockroaches
  6 goblins
  3 hobgoblins
  2 quokkas
  8 ball pythons
  3 frilled lizards
  2 kobolds
  4 rats
55 creatures vanquished.

Notes
Turn   | Place    | Note
-------+----------+-------------------------------------------
     0 | D:1      | qw the Spriggan Hunter began the quest for the Orb.
     0 | D:1      | Reached XP level 1. HP: 10/10 MP: 2/2
     0 | D:1      | 0 ||| qw: Version: 0.3-a-160-g6735b56
     0 | D:1      | 0 ||| qw: Game counter: 4840
     0 | D:1      | 0 ||| qw: Melee chars always use a shield: true
     0 | D:1      | 0 ||| qw: God list: Okawaru
     0 | D:1      | 0 ||| qw: Allow faded altars: false
     0 | D:1      | 0 ||| qw: Do Orc after clearing Dungeon:15 true
     0 | D:1      | 0 ||| qw: Do second Lair branch before Depths: true
     0 | D:1      | 0 ||| qw: Lair rune preference: random
     0 | D:1      | 0 ||| qw: Goals: Normal
     0 | D:1      | 0 ||| PLANNING D:1-11
    51 | D:1      | Reached skill level 3 in Dodging
   150 | D:1      | Reached XP level 2. HP: 14/14 MP: 3/3
   279 | D:1      | Found Paehewnug's Antique Armour Emporium.
   285 | D:1      | 285 ||| SHOPLISTING glowing robe (92 gold, have 11).
   334 | D:1      | Reached skill level 4 in Dodging
   351 | D:1      | HP: 3/14 [quokka (4)]
   660 | D:1      | 660 ||| UPGRADING to +0 cloak.
   665 | D:1      | 665 ||| DROPPING scroll of butterflies.
   737 | D:2      | Found a faded altar of an unknown god.
   779 | D:2      | Noticed Terence
   793 | D:2      | Killed Terence
   794 | D:2      | Reached XP level 3. HP: 10/18 MP: 4/4
  1379 | D:2      | 1379 ||| READING scroll labelled MATHRAR SOETY.
  1380 | D:2      | 1380 ||| READING scroll labelled UVAPAEWNIA.
  1380 | D:2      | 1380 ||| IDENTIFYING pink potion
  1381 | D:2      | 1381 ||| READING scroll labelled QILUEZ TUSTI.
  1386 | D:2      | 1386 ||| READING scroll labelled PYIREN JYWK.
  1387 | D:2      | 1387 ||| DRINKING 2 metallic dark potions.
  1388 | D:2      | 1388 ||| FLEEEEING.
  1389 | D:2      | 1389 ||| FLEEEEING.
  1390 | D:2      | 1390 ||| FLEEEEING.
  1391 | D:2      | 1391 ||| FLEEEEING.
  1392 | D:2      | 1392 ||| FLEEEEING.
  1393 | D:2      | 1393 ||| FLEEEEING.
  1394 | D:2      | 1394 ||| FLEEEEING.
  1395 | D:2      | 1395 ||| FLEEEEING.
  1396 | D:2      | 1396 ||| STAIRDANCE
  1498 | D:1      | 1498 ||| DROPPING potion of berserk rage.
  1499 | D:1      | 1499 ||| DROPPING potion of degeneration.
  1523 | D:3      | Reached XP level 4. HP: 22/22 MP: 5/5
  1538 | D:3      | Noticed Sigmund
  1546 | D:3      | Killed Sigmund
  1547 | D:3      | Reached skill level 7 in Dodging
  1547 | D:3      | Reached XP level 5. HP: 10/25 MP: 6/6
  1694 | D:3      | HP: 5/26 [orc/+0 mace (7)]
  1695 | D:3      | 1695 ||| READING scroll of teleportation.
  1703 | D:3      | Reached XP level 6. HP: 8/30 MP: 7/7
  1830 | D:3      | Found a hide-covered altar of Uskayaw.
  1841 | D:3      | Noticed Natasha
  1845 | D:3      | 1845 ||| FLEEEEING.
  1846 | D:3      | 1846 ||| FLEEEEING.
  1847 | D:3      | 1847 ||| FLEEEEING.
  1849 | D:3      | 1849 ||| RETREEEEATING.
  1850 | D:3      | 1850 ||| RETREEEEATING.
  1854 | D:3      | 1854 ||| RETREEEEATING.
  1855 | D:3      | 1855 ||| RETREEEEATING.
  1856 | D:3      | 1856 ||| RETREEEEATING.
  1857 | D:3      | 1857 ||| RETREEEEATING.
  1858 | D:3      | 1858 ||| RETREEEEATING.
  1859 | D:3      | 1859 ||| RETREEEEATING.
  1860 | D:3      | 1860 ||| RETREEEEATING.
  1861 | D:3      | 1861 ||| RETREEEEATING.
  1862 | D:3      | 1862 ||| RETREEEEATING.
  1863 | D:3      | 1863 ||| RETREEEEATING.
  1868 | D:3      | 1868 ||| RETREEEEATING.
  1869 | D:3      | Killed Natasha
  2109 | D:3      | Noticed Natasha
  2112 | D:3      | Killed Natasha
  2153 | D:3      | 2153 ||| READING scroll of identify.
  2153 | D:3      | 2153 ||| IDENTIFYING sedimented grey potion
  2154 | D:3      | 2154 ||| READING scroll labelled MIKEQ UBAMUFE.
  2155 | D:3      | 2155 ||| READING scroll labelled OFEVITOREPH.
  2295 | D:4      | Noticed Pikel
  2296 | D:4      | 2296 ||| RETREEEEATING.
  2299 | D:4      | 2299 ||| RETREEEEATING.
  2303 | D:4      | 2303 ||| DRINKING potion of haste.
  2305 | D:4      | HP: 4/30 [Pikel/+1 whip of electrocution (5)]
  2307 | D:4      | Slain by Pikel

Levels and vault maps discovered:
D:1:      dpeg_arrival_yet_another_circle, layout_rooms, serial_shops,
          nicolae_shop_tiny_waterfront, chequers_big_river, serial_park_tiny_2,
          minmay_pentomino_z4
D:2:      layout_loops_ring, shapermc_ecumenical_altar_venn,
          dreamdust_princess_bridge, uniq_terence
D:3:      layout_basic, mainiacjoe_overflow_concentric_impassable,
          kennysheep_another_room, st_stairs_5, uniq_sigmund, uniq_natasha
D:4:      layout_loops_corners, minmay_misc_feat_more_columns, uniq_pikel,
          uniq_duvessa

Skill      XL: |  1  2  3  4  5 |
---------------+----------------+-----
Dodging        | 3 4 7 |  7.1
Ranged Weapons | 5 |  5.4
Fighting       | 2 |  2.0
Stealth        | |  1.5

Action                     |  1- 3 |  4- 6 || total
---------------------------+-------+-------++-------
   Fire: Shortbow          |   104 |    99 ||   203
    Use: Scroll            |     4 |     4 ||     8
         Potion            |     1 |     1 ||     2
 Armour: Robe              |    10 |    23 ||    33
  Dodge: Dodged            |    32 |   112 ||   144

Table legend:
 A = Non-vault XP
 B = Vault XP
 C = Vault XP percentage of total XP
 D = Non-vault monster count
 E = Vault monster count
 F = Vault count percentage of total count
                 A         B        C        D         E       F
            +---------+---------+-------+---------+---------+-------
      Total |     139 |     332 |  70.5 |      47 |       8 |  14.5
            +---------+---------+-------+---------+---------+-------
        D:1 |      26 |       3 |  10.3 |      17 |       2 |  10.5
        D:2 |      29 |      36 |  55.4 |      15 |       1 |   6.2
        D:3 |      84 |     293 |  77.7 |      15 |       5 |  25.0
            +---------+---------+-------+---------+---------+-------
